 Dungeon Crawl Stone Soup version 0.02-32-ge3bdf778cf (webtiles) character file.

Game seed: 3733994007576652525, levelgen mode: deterministic

112 funkygono the Grasshopper (level 4, -2/26 HPs) Silent Spectre Warper. Began on Sept 5, 2020. Splashed by a jelly's acid (5 damage) ... on level 2 of the Dungeon. The game lasted 00:08:34 (988 turns).

funkygono the Grasshopper (Silent Spectre Warper)    Turns: 988, Time: 00:08:35

Health: -2/26      AC:  3    Str:  8    XL:     4 ^: 36
Magic:  7/10       EV: 16    Int: 15    God:
Gold:   73         SH:  0    Dex: 16    Spells: 4/8 levels left

rFire    . . .     Vision   .   a - +0 mace
rCold    . . .     Gourm    .     - Unarmed
rNeg     + + +     Faith    .   b - +0 leather armour
rPois    ∞         Spirit   .   (no helmet)
rElec    .         Reflect  .   (no cloak)
rCorr    .         Harm     .   (no gloves)
MR       .....                  (no boots)
Stlth    +.........             (no amulet)
HPRegen  0.18/turn              (no ring)
MPRegen  0.20/turn              (no ring)

@: shrouded, very slightly contaminated, silenced, very slow
A: silence aura, negative energy resistance 3, torment resistance, unbreathing,
petrification resistance, silent casting, insubstantial
a: no special abilities


You were on level 2 of the Dungeon.
You were not hungry.

You visited 1 branch of the dungeon, and saw 2 of its levels.

You collected 73 gold pieces.

Inventory:

Weapons
 a - a +0 mace (weapon) Shields
 i - a +0 targe
Armour
 b - a +0 leather armour (worn)
Jewellery
 h - a cursed ring of fire {(Curse: MR-)}
Potions
 c - 2 potions of curing
 d - a potion of brilliance
 e - a potion of cancellation
 f - a potion of magic


   Skills:
 + Level 2.1 Fighting
 + Level 2.3 Maces & Staves
 + Level 1.3 Armour
 + Level 3.7 Dodging
 + Level 0.1 Stealth
 + Level 1.0 Unarmed Combat
 + Level 2.6 Spellcasting
 + Level 0.9 Charms
 + Level 4.1 Translocations


You had 4 spell levels left.
You knew the following spells:

 Your Spells              Type           Power        Failure   Level  Hunger
a - Blink                 Tloc           N/A          10%         2    N/A
b - Shroud of Golubria    Chrm/Tloc      9 (200)      17%         2    N/A

Your spell library contained the following spells:

 Spells                   Type           Power        Failure   Level  Hunger
 Teleport Other           Hex/Tloc       8 (100)      38%         3    N/A
 Passage of Golubria      Tloc           N/A          47%         4    N/A
 Force Lance              Tloc/Air       8 (200)      77%         4    N/A
 Force Lasso              Tloc/Erth      8 (200)      77%         4    N/A

Dungeon Overview and Level Annotations

Branches:
Dungeon (2/8)

Altars:


Innate Abilities, Weirdness & Mutations

You are surrounded by an aura of unnatural quiet.
You are immune to poison.
You are immune to negative energy. (rN+++)
You are immune to unholy pain and torment.
You can survive without breathing.
You are immune to petrification.
You can communicate with gods and cast spells while silenced.
Your insubstantial form boosts your evasion and grants immunity to sticky flames, nets and constriction.


Message History

Casting: Shroud of Golubria (safe; 17% risk of failure)
Confirm with . or Enter, or press ? or * to list all spells.
Space distorts slightly along a thin shroud covering your body.
You hit the jelly (3).
Your hands burn!
The jelly is lightly wounded. (14/17) HP You hit the jelly (2).
Your hands burn!
The jelly is moderately wounded. (12/17) HP Your shroud bends the jelly's attack away (1).
You hit the jelly (3).
Your hands burn!
* * * LOW HITPOINT WARNING * * *
The jelly is heavily wounded. (9/17) HP Your unstable footing causes you to fumble your attack.
The jelly barely misses you (0). The jelly closely misses you (0).
You hit the jelly (2).
Your hands burn!
* * * LOW HITPOINT WARNING * * *
The jelly is heavily wounded. (7/17) HP Your unstable footing causes you to fumble your attack.
The jelly misses you (0).
You hit the jelly (4).
Your hands burn!
You die...

≈≈P≈.≈≈≈≈≈≈≈;≈≈P≈#
≈....≈≈≈≈≈≈≈≈≈≈≈≈#
..≈.≈≈≈≈≈≈≈≈≈≈≈≈≈#
≈≈≈.≈≈≈≈≈≈≈≈≈≈;≈≈#
.≈≈≈≈≈≈..≈≈≈≈≈≈≈≈≈≈≈≈#
..≈≈≈≈≈≈.≈≈≈≈.≈≈≈≈≈≈≈#
≈≈≈≈≈≈≈≈≈≈.....[....≈≈#
.≈≈≈≈≈#####..J####.#≈##
.≈≈≈≈.≈.≈##..#@##
≈≈≈≈≈........##≈#
≈≈≈≈≈.......≈≈#.#
≈≈≈≈≈.#....##†#P#
≈≈≈≈≈...#####.##%
≈≈≈≈≈.#.# #≈# .# ;≈≈≈≈
.≈P #≈# .≈ ≈≈PP P#..#
#≈###.≈ ≈≈≈ PP#.≈.
##≈#####


You could see a jelly.

Vanquished Creatures
  6 sewer rats (D:2)
  A cinder newt (D:1)
  3 oozes (D:1)
  3 dart slugs (D:1)
  A leopard gecko (D:2)
  2 ball pythons (D:2)
  3 bats (D:1)
  2 giant cockroaches
  2 goblins (D:1)
  6 hobgoblins (D:1)
  A goblin skeleton (D:2)
  4 kobolds (D:1)
  2 rats (D:1)
  A rat skeleton (D:2)
37 creatures vanquished.

Vanquished Creatures (others)
  An ooze (D:2)
  2 kobolds (D:2)
  55 withered plants (D:2)
58 creatures vanquished.

Grand Total: 95 creatures vanquished

Notes
Turn   | Place    | Note
-------+----------+-------------------------------------------
     0 | D:1      | funkygono the Silent Spectre Warper began the quest for the
                  | Orb.
     0 | D:1      | Reached XP level 1. HP: 12/12 MP: 6/6
    89 | D:1      | Reached XP level 2. HP: 13/17 MP: 8/8
    93 | D:1      | Learned a level 2 spell: Blink
    96 | D:1      | Learned a level 2 spell: Shroud of Golubria
   286 | D:1      | Reached XP level 3. HP: 15/21 MP: 5/9
   308 | D:1      | Reached skill level 1 in Armour
   901 | D:2      | Reached XP level 4. HP: 20/26 MP: 7/10
   938 | D:2      | Reached skill level 1 in Unarmed Combat
   988 | D:2      | Splashed by a jelly's acid

Levels and vault maps discovered:
D:1:      lightli_arrival_boilingwater, layout_cave_pools
D:2:      layout_sewer, overflow_temple_1_default, serial_shops, shop,
          first_ration, uniq_robin, uniq_crazy_yiuf_cottage, uniq_terence

Skill      XL: |  1  2  3  4 |
---------------+-------------+-----
Dodging        | 3 |  3.7
Fighting       | 2 |  2.1
Maces & Staves | 2 |  2.3
Armour         | 1 |  1.3
Unarmed Combat | 1 |  1.0
Stealth        | |  0.1
Spellcasting   | |  2.6
Charms         | |  0.9
Translocations | |  4.1

Action                   |  1- 3 |  4- 6 || total
-------------------------+-------+-------++-------
Melee: Mace              |   136 |    49 ||   185
       Unarmed           |   110 |    44 ||   154
 Cast: Shroud of Golubri |    12 |     4 ||    16
       Blink             |     3 |       ||     3
  Use: Potion            |     1 |     1 ||     2
 Stab: Sleeping          |     1 |       ||     1
Armor: Leather armour    |    19 |     4 ||    23
Dodge: Dodged            |   165 |    47 ||   212
